 Dungeon Crawl Stone Soup version 0.29-a0-495-g17b7911 (webtiles) character file.

Game seed: 18194078859617411067

14 Illumine the Sneak (level 2, -1/20 HPs)
             Began as a Demigod Enchanter on May 27, 2022.
             Slain by a gnoll
             ... wielding a +0 halberd
              (10 damage)
             ... on level 2 of the Dungeon.
             The game lasted 00:01:35 (1201 turns).

Illumine the Sneak (Demigod Enchanter)              Turns: 1201, Time: 00:01:36

Health: -1/20      AC:  2    Str:  9    XL:     2   Next: 15%
Magic:  7/7        EV: 12    Int: 23    God:
Gold:   47         SH:  0    Dex: 14    Spells: 3/5 levels left

rFire   x . .      SeeInvis .   a - +2 dagger (speed)
rCold   + . .      Faith    .   (no shield)
rNeg    . . .      Spirit   .   b - +0 robe
rPois   .          Reflect  .   (no helmet)
rElec   .          Harm     .   (no cloak)
rCorr   .          Rampage  .   (no gloves)
Will    .....                   (no boots)
Stlth   ++........              (no amulet)
HPRegen 0.06/turn               k - ring of ice
MPRegen 0.10/turn               l - +6 ring of intelligence

@: no status effects
A: high MP 1, forlorn, divine attributes
a: no special abilities


You were on level 2 of the Dungeon.
You visited 1 branch of the dungeon, and saw 2 of its levels.

You collected 47 gold pieces.

Inventory:

Hand Weapons
 a - a +2 dagger of speed (weapon)
Missiles
 h - 3 poisoned darts (quivered)
Armour
 b - a +0 robe (worn)
Jewellery
 k - a ring of ice (left hand)
 l - a +6 ring of intelligence (right hand)
Scrolls
 d - 2 scrolls of fog {unknown}
 e - 2 scrolls of teleportation {unknown}
 f - a scroll of identify {unknown}
Potions
 c - 2 potions of invisibility
 g - a potion of haste {unknown}
 i - a potion of brilliance {unknown}
 j - 2 potions of flight {unknown}
 m - a potion of might {unknown}


   Skills:
 + Level 1.3 Short Blades
 - Level 1.7 Dodging
 + Level 2.9 Stealth
 - Level 2.0 Spellcasting
 - Level 2.8 Hexes


You had 3 spell levels left.
You knew the following spells:

 Your Spells              Type           Power      Damage    Failure   Level
a - Ensorcelled Hibernat  Hex/Ice        26%        N/A       11%         2

Your spell library contained the following spells:

 Spells                   Type           Power      Damage    Failure   Level
 Confusing Touch          Hex            15%        N/A       12%         3
 Tukima's Dance           Hex            15%        N/A       12%         3
 Dazzling Flash           Conj/Hex       16%        N/A       22%         3


Dungeon Overview and Level Annotations

Branches:
Dungeon (2/15)

Annotations:
D:2 Sigmund


Innate Abilities, Weirdness & Mutations

You have an increased reservoir of magic. (+10% MP)
You shall have no god before yourself.
Your divine heritage dramatically boosts your attributes as you level up.


Message History

You barely miss the hobgoblin.
The hobgoblin is severely wounded.
The hobgoblin closely misses you.
You hit the hobgoblin.
You kill the hobgoblin!
You see here a +0 dagger.
A bat comes into view.
Found an escape hatch in the ceiling.
A bat is nearby!
The bat hits you but does no damage. The bat hits you.
The bat closely misses you.
You hit the bat.
You kill the bat!
HP restored.
There is an escape hatch in the ceiling here.
A gnoll comes into view. It is wielding a +0 halberd.
The gnoll shouts!
You hear a shout!
Casting: Ensorcelled Hibernation (safe; 11% risk of failure)
Confirm with . or Enter, or press ? or * to list all spells.
Aiming: Ensorcelled Hibernation (safe; 11% risk of failure)
Press: ? - help, Shift-Dir - straight line, f - gnoll
Aim: a gnoll, wielding a +0 halberd (chance to affect: 55%)
You feel a surge of power!
The gnoll looks drowsy...
A gnoll comes into view. It is wielding a +0 halberd.
The gnoll hits you from afar with a +0 halberd!
Ouch! That really hurt!
* * * LOW HITPOINT WARNING * * *
The gnoll shouts!
You hit the gnoll.
The gnoll is heavily wounded.
The gnoll closely misses you. x2
The gnoll barely misses you. The gnoll barely misses you.
There is an escape hatch in the ceiling here.
You see here a +0 dagger.
There is a stone staircase leading up here.
The gnoll hits you from afar with a +0 halberd!
Ouch! That really hurt!
You die...

#.#...####.#
#.#...####.#
.#
#.......##g#
.#
#.......##.#
..
........##.#
.#
###...####.#
.# #...# #.#
.# ##.##
#.######>#
####.#
#.g..g.@.#
.....#
##########
######


You could see 2 gnolls.

Vanquished Creatures
  A bat (D:2)
  An endoplasm (D:1)
  2 goblins
  2 hobgoblins
  2 jackals (D:1)
  3 frilled lizards
  A rat (D:1)
12 creatures vanquished.

Notes
Turn   | Place    | Note
-------+----------+-------------------------------------------
     0 | D:1      | Illumine the Demigod Enchanter began the quest for the Orb.
     0 | D:1      | Reached XP level 1. HP: 14/14 MP: 5/5
   171 | D:1      | Reached skill level 1 in Short Blades
   890 | D:2      | Noticed Sigmund
   951 | D:2      | Reached XP level 2. HP: 20/20 MP: 7/7
   957 | D:2      | Learned a level 2 spell: Ensorcelled Hibernation
  1201 | D:2      | Slain by a gnoll

Illustrated notes

Levels and vault maps discovered:
D:1:      heliophobic_arrival_henge, layout_basic,
          ebering_ecumenical_altar_sacrificial
D:2:      layout_loops_ring, uniq_sigmund

Skill      XL: |  1 |
---------------+----+-----
Short Blades   | 1 |  1.3
Spellcasting   | 2 |  2.0
Dodging        | |  1.7
Stealth        | |  2.9
Hexes          | |  2.8

Action                   || total
-------------------------++-------
Melee: Dagger            ||    46
 Cast: Ensorcelled Hiber ||     1
 Stab: Sleeping          ||     3
       Distracted        ||     1
Armor: Robe              ||     7
Dodge: Dodged            ||    31

Table legend: (Time is in decaauts)
 A = Elapsed time spent in this place.
 B = Non-inter-level travel time spent in this place.
 C = Inter-level travel time spent in this place.
 D = Time resting spent in this place.
 E = Time spent auto-exploring this place.
 F = Levels seen in this place.
 G = Mean time per level.
                   A        B        C        D        E       F      G
               +--------+--------+--------+--------+--------+-----+--------+
         Total |   1192 |   1138 |     54 |     65 |    848 |   2 |  596.0 |
       Dungeon |   1192 |   1138 |     54 |     65 |    848 |   2 |  596.0 |
               +--------+--------+--------+--------+--------+-----+--------+

Top non-repeatable levels by time:
     D:1: 928 daAuts
     D:2: 264 daAuts
